 Dungeon Crawl Stone Soup version 0.24.0-123-gd5b16e6ec5 (webtiles) character file.

Game seed: 10073026869953061648, levelgen mode: deterministic

14662 Peloso the Carver (level 11, -5/99 HPs)
             Began as a Minotaur Fighter on Dec 28, 2019.
             Was a High Priest of Okawaru.
             Slain by an 11-headed hydra (8 damage)
             ... on level 11 of the Dungeon.
             The game lasted 00:26:06 (11234 turns).

Peloso the Carver (Minotaur Fighter)               Turns: 11234, Time: 00:26:07

Health: -5/99      AC: 16    Str: 34    XL:     11   Next: 91%
Magic:  8/10       EV: 15    Int:  5    God:    Okawaru [*****.]
Gold:   801        SH: 20    Dex: 13    Spells: 10/10 levels left

rFire    . . .     SeeInvis .   a - +0 long sword
rCold    . . .     Gourm    .   c - +0 shield
rNeg     + + .     Faith    .   K - +0 chain mail "Koatia" {*Slow rPois rN++ Str+4} (curse)
rPois    +         Spirit   .   (helmet restricted)
rElec    +         Reflect  +   m - +0 cloak
rCorr    .         Harm     .   e - +0 pair of gloves
MR       .....                  (no boots)
Stlth    ..........             t - +4 amulet of reflection
HPRegen  0.26/turn              i - ring of poison resistance
MPRegen  0.12/turn              J - +3 ring of slaying

@: mighty, heroism
A: retaliatory headbutt, horns 2, agile 1, electricity resistance, strong 1
a: Heroism, Finesse, Renounce Religion


You were on level 11 of the Dungeon.
You worshipped Okawaru.
Okawaru was extremely pleased with you.
You were hungry.

You visited 2 branches of the dungeon, and saw 12 of its levels.
You also visited: Sewer.

You collected 833 gold pieces.
You spent 32 gold pieces at shops.

Inventory:

Hand Weapons
 a - a +0 long sword (weapon)
Armour
 b - a +0 scale mail
 c - a +0 shield (worn)
 e - a +0 pair of gloves (worn)
 m - a +0 cloak (worn)
 K - the cursed +0 chain mail "Koatia" (worn) {*Slow rPois rN++ Str+4}
   (You found it on level 10 of the Dungeon)

   It affects your strength (+4).
   It protects you from poison.
   It greatly protects you from negative energy.
   It may slow you when you take damage.
   It has a curse placed upon it.
 L - the -7 hat "Lon Mon" {rElec rN+ Str+3 Dex+4}
   (Okawaru gifted it to you on level 10 of the Dungeon)

   It affects your strength (+3).
   It affects your dexterity (+4).
   It insulates you from electricity.
   It protects you from negative energy.
Jewellery
 g - a +3 ring of protection
 i - a ring of poison resistance (left hand)
 t - a +4 amulet of reflection (around neck)
 A - an uncursed amulet of regeneration
 J - a +3 ring of slaying (right hand)
Wands
 y - a wand of digging (4)
 B - a wand of flame (27)
 E - a wand of disintegration (19)
 G - a wand of iceblast (3)
Scrolls
 h - a scroll of enchant armour
 j - 6 scrolls of identify
 k - 3 scrolls of magic mapping
 l - a scroll of fog
 o - 6 scrolls of remove curse
 p - 4 scrolls of teleportation
 r - 3 scrolls of blinking
 s - a scroll of immolation {unknown}
 u - 4 scrolls of amnesia
 z - 2 scrolls of fear
 C - a scroll of silence
 F - a scroll of enchant weapon
 H - a scroll of summoning {unknown}
Potions
 d - 5 potions of might
 n - 5 potions of curing
 q - 4 potions of heal wounds
 v - 2 potions of haste
 w - 2 potions of agility
 x - a potion of mutation
 D - 2 potions of resistance
 I - 2 potions of cancellation
 M - a potion of brilliance
Comestibles
 f - 17 rations


   Skills:
 + Level 9.7(14.7) Fighting
 + Level 13.0(18.0) Long Blades
 + Level 9.6(14.6) Armour
 + Level 5.3(10.3) Dodging
 + Level 1.7(6.7) Stealth
 + Level 12.9(17.9) Shields
 + Level 1.2 Invocations


You had 10 spell levels left.
You didn't know any spells.
Your spell library contained the following spells:

 Spells                   Type           Power        Failure   Level  Hunger
 Animate Skeleton         Necr           N/A          83%         1    ##.....
 Confusing Touch          Hex            #.....       83%         1    ##.....
 Pain                     Necr           #...         83%         1    ##.....
 Summon Small Mammal      Summ           #...         83%         1    ##.....
 Call Imp                 Summ           #.......     93%         2    ###....
 Call Canine Familiar     Summ           #.......     99%         3    ####...
 Confuse                  Hex            #.......     99%         3    ####...
 Gell's Gravitas          Tloc           #.........   99%         3    ####...
 Regeneration             Chrm/Necr      #.........   99%         3    ####...
 Summon Guardian Golem    Hex/Summ       #.......     99%         3    ####...
 Vampiric Draining        Necr           #.........   99%         3    ####...
 Animate Dead             Necr           N/A          100%        4    #####..
 Petrify                  Tmut/Erth      #.......     100%        4    #####..
 Summon Ice Beast         Ice/Summ       #.......     100%        4    #####..
 Summon Lightning Spire   Summ/Air       #.......     100%        4    #####..
 Metabolic Englaciation   Hex/Ice        #.........   100%        5    ######.
 Yara's Violent Unravell  Hex/Tmut       #.........   100%        5    ######.


Dungeon Overview and Level Annotations

Branches:
Dungeon (11/15)            Temple (1/1) D:5            Lair (0/6) D:8
    Orc (0/2) D:11          Sewer (visited)

Altars:
Ashenzari
Cheibriados
Dithmenos
Elyvilon
Fedhas
Gozag
Hepliaklqana
Kikubaaqudgha
Makhleb
Nemelex Xobeh
Okawaru
Ru
Sif Muna
Trog
Uskayaw
Vehumet
Wu Jian
Xom
Yredelemnul
Zin
The Shining One

Shops:
D:10 =


Innate Abilities, Weirdness & Mutations

You reflexively headbutt those who attack you in melee.
You have a pair of horns on your head.
You are agile. (Dex +2)
You are resistant to electric shocks. (rElec)
Your muscles are strong. (Str +2)


Message History

The nine-headed hydra bites you!
* * * LOW HITPOINT WARNING * * *
You block the nine-headed hydra's attack.
The nine-headed hydra bites you but does no damage.
The nine-headed hydra bites you.
* * * LOW HITPOINT WARNING * * *
The nine-headed hydra bites you!
* * * LOW HITPOINT WARNING * * *
You chop one of the nine-headed hydra's heads off!
The eight-headed hydra grows two more!
You slash the ten-headed hydra!
The ten-headed hydra is heavily wounded.
The crimson imp blinks!
You slice one of the ten-headed hydra's heads off!
The nine-headed hydra grows two more!
You slice the 11-headed hydra!!
The 11-headed hydra is heavily wounded.
You block the 11-headed hydra's attack. x3; The 11-headed hydra bites you!
* * * LOW HITPOINT WARNING * * *
The 11-headed hydra bites you but does no damage. x3
The 11-headed hydra bites you!
You die...

.#####.#.###
#.#.#
....#..#...#
#.#.#
#)####.###.#
#.#.#
....##.# #.#
#.#.#
..####.#
#.###.#.#
### #.#
#.....#.###
##.#
#######...#
# ###.>#
#.#######.#
###...##
#.5..YD@..#
.[).###
#.#########
))### #<#
### ########
.......#
.......#
#####..#


You could see a 11-headed hydra, an ice beast and a crimson imp.

Vanquished Creatures
  Josephine (D:10)
  2 two-headed ogres
  A skeletal warrior (D:10)
  An unseen horror (D:11)
  A manticore (D:11)
  Maurice (D:8)
  Prince Ribbit (D:6)
  Grinder (D:6)
  3 trolls
  A hippogriff (D:8)
  4 shadows (D:10)
  4 flying skulls (D:10)
  A vampire (D:9)
  3 wraiths (D:10)
  A wyvern (D:10)
  2 hungry ghosts (D:7)
  3 wargs (D:7)
  An acid dragon (D:10)
  A water moccasin (D:11)
  An ice beast (D:7)
  7 orc warriors
  4 sky beasts
  2 phantoms
  A black bear (D:7)
  A necrophage (D:10)
  4 ogres
  7 centaurs
  2 crocodiles
  3 big kobolds
  A wyvern zombie (D:11)
  3 bullfrogs
  A water moccasin zombie (D:10)
  5 scorpions
  3 wights (D:8)
  2 howler monkeys (D:7)
  3 bullfrog zombies (D:10)
  A centaur zombie (D:10)
  8 crimson imps
  3 bullfrog skeletons
  Crazy Yiuf (D:2)
  5 centaur skeletons
  4 hounds
  5 jellies
  7 orc priests
  17 orc wizards
  9 worker ants
  2 killer bee zombies
  A hound zombie (D:10)
  7 hound skeletons
  6 worker ant zombies
  25 adders
  5 gnolls
  2 river rats (Sewer)
  An ooze (Sewer)
  2 adder zombies
  7 worms
  3 adder skeletons
  A dart slug (D:2)
  5 leopard geckos
  64 orcs
  4 bats
  6 giant cockroaches
  7 goblins
  9 hobgoblins
  8 jackals
  5 quokkas
  3 ball pythons
  7 frilled lizards
  21 kobolds
  A leopard gecko zombie (D:7)
  7 rats
352 creatures vanquished.

Vanquished Creatures (others)
  2 centaurs
  A kobold (D:11)
3 creatures vanquished.

Grand Total: 355 creatures vanquished

Notes
Turn   | Place    | Note
-------+----------+-------------------------------------------
     0 | D:1      | Peloso the Minotaur Fighter began the quest for the Orb.
     0 | D:1      | Reached XP level 1. HP: 19/19 MP: 0/0
    41 | D:1      | Reached XP level 2. HP: 11/27 MP: 1/1
   201 | D:1      | Gained mutation: You are agile. (Dex +2) [potion of
                  | mutation]
   201 | D:1      | Gained mutation: Your muscles are strong. (Str +2) [potion
                  | of mutation]
   201 | D:1      | Gained mutation: You are resistant to electric shocks.
                  | (rElec) [potion of mutation]
   594 | D:1      | Found a shimmering altar of Xom.
   772 | D:1      | Reached XP level 3. HP: 10/33 MP: 2/2
   982 | D:1      | Reached skill level 3 in Long Blades
   995 | D:1      | Reached XP level 4. HP: 20/41 MP: 3/3
  1176 | D:2      | Found an ornate altar of the Wu Jian Council.
  1350 | D:2      | Found a runed translucent door.
  1351 | D:2      | Noticed Crazy Yiuf
  1364 | D:2      | Killed Crazy Yiuf
  1364 | D:2      | Reached skill level 1 in Dodging
  1672 | D:2      | Reached XP level 5. HP: 47/47 MP: 4/4
  1933 | D:3      | Reached skill level 4 in Long Blades
  2031 | D:3      | Found a glowing silver altar of Zin.
  2193 | D:3      | Reached XP level 6. HP: 28/55 MP: 5/5
  2199 | D:3      | Reached skill level 5 in Shields
  2236 | D:3      | Found a glowing drain.
  2245 | D:3      | Reached skill level 5 in Fighting
  2254 | Sewer    | Entered a sewer
  2377 | Sewer    | Reached skill level 5 in Long Blades
  2666 | D:3      | Reached XP level 7. HP: 51/61 MP: 6/6
  2711 | D:3      | Found a bloodstained altar of Trog.
  3110 | D:4      | Found a sparkling altar of Nemelex Xobeh.
  3170 | D:4      | Reached skill level 5 in Armour
  3315 | D:4      | Reached skill level 6 in Long Blades
  3341 | D:4      | Found a sacrificial altar of Ru.
  3544 | D:4      | Found a burning altar of Makhleb.
  3778 | D:4      | Reached XP level 8. HP: 61/70 MP: 7/7
  4213 | D:4      | Found a shimmering blue altar of Sif Muna.
  4505 | D:5      | Entered Level 5 of the Dungeon
  4506 | D:5      | Found a hazy altar of Hepliaklqana.
  4553 | D:5      | Reached skill level 7 in Long Blades
  4617 | D:5      | Found a white marble altar of Elyvilon.
  4628 | D:5      | Found a staircase to the Ecumenical Temple.
  4642 | Temple   | Entered the Ecumenical Temple
  4741 | Temple   | Became a worshipper of Warmaster Okawaru
  4789 | D:5      | Found an ancient bone altar of Kikubaaqudgha.
  4794 | D:5      | Found a hide-covered altar of Uskayaw.
  5350 | D:5      | Reached * piety under Okawaru
  5350 | D:5      | Reached skill level 8 in Long Blades
  5538 | D:6      | Noticed Grinder
  5556 | D:6      | Paralysed by Grinder for 2 turns
  5559 | D:6      | Killed Grinder
  5582 | D:6      | Noticed Prince Ribbit
  5644 | D:6      | Found an opulent altar of Gozag.
  5700 | D:6      | Killed Prince Ribbit
  5700 | D:6      | Reached XP level 9. HP: 74/78 MP: 8/8
  5707 | D:6      | Reached ** piety under Okawaru
  5741 | D:6      | Got a brightly glowing ring mail
  5812 | D:6      | Identified the +1 ring mail of Lanomala {*Drain rPois MR++
                  | Str+4} (You found it on level 6 of the Dungeon)
  6083 | D:6      | Found a sparkling altar of Nemelex Xobeh.
  6780 | D:7      | Reached skill level 9 in Long Blades
  7323 | D:7      | Reached *** piety under Okawaru
  7642 | D:8      | Reached XP level 10. HP: 88/88 MP: 9/9
  7940 | D:7      | Reached skill level 10 in Long Blades
  8040 | D:8      | Reached skill level 10 in Shields
  8041 | D:8      | Found a radiant altar of Vehumet.
  8158 | D:8      | Found a staircase to the Lair.
  8260 | D:8      | Noticed Maurice
  8297 | D:8      | Killed Maurice
  8808 | D:9      | Noticed a two-headed ogre
  8818 | D:9      | Killed a two-headed ogre
  8818 | D:9      | Reached **** piety under Okawaru
  8818 | D:9      | Reached skill level 1 in Stealth
  9041 | D:9      | Reached skill level 1 in Invocations
  9328 | D:10     | Entered Level 10 of the Dungeon
  9434 | D:10     | Got a smoking chain mail
  9445 | D:10     | Identified the cursed +0 chain mail "Koatia" {*Slow rPois
                  | rN++ Str+4} (You found it on level 10 of the Dungeon)
  9498 | D:10     | Found Idyoteh's Jewellery Shoppe.
  9753 | D:10     | Reached skill level 11 in Long Blades
  9775 | D:10     | Bought a cursed amulet of inaccuracy for 32 gold pieces
  9825 | D:10     | Reached ***** piety under Okawaru
  9830 | D:10     | Reached skill level 5 in Dodging
  9830 | D:10     | Reached XP level 11. HP: 93/95 MP: 10/10
  9877 | D:10     | Received a gift from Okawaru
  9896 | D:10     | Got a fine hat {god gift}
  9902 | D:10     | Identified the -7 hat "Lon Mon" {rElec rN+ Str+3 Dex+4}
                  | (Okawaru gifted it to you on level 10 of the Dungeon)
  9908 | D:10     | Noticed a skeletal warrior
  9928 | D:10     | Killed a skeletal warrior
 10028 | D:10     | Noticed Josephine
 10042 | D:10     | Killed Josephine
 10042 | D:10     | Reached skill level 12 in Long Blades
 10660 | D:11     | Found an iron altar of Okawaru.
 10749 | D:11     | Found a staircase to the Orcish Mines.
 11139 | D:11     | Killed an unseen horror
 11204 | D:11     | Noticed a two-headed ogre
 11208 | D:11     | Killed a two-headed ogre
 11208 | D:11     | Reached skill level 13 in Long Blades
 11225 | D:11     | Noticed a seven-headed hydra
 11234 | D:11     | HP: 3/99 [11-headed hydra (11)]
 11234 | D:11     | Slain by an 11-headed hydra

Levels and vault maps discovered:
D:1:      dpeg_arrival_simpleton_b, layout_basic, xom_teletrap_fun
D:2:      layout_rooms, nicolae_overflow_crystal_walls,
          kennysheep_generic_room_7, uniq_crazy_yiuf_cottage
D:3:      layout_basic, marbit_many_paths, zin_academy, gup_sewer_entry_glass
D:4:      minmay_chambers_of_threes, layout_loops_corners, old_standard_altar,
          nemelex_xobeh_ov_fountains_minmay, lightli_temple_of_fire,
          led_sif_pool, first_ration, minmay_curled_crystal,
          minmay_close_crescents
D:5:      minmay_bubble_buster, layout_cave_pods, grunt_temple_overflow_open,
          old_standard_altar, kennysheep_mini_moat, minmay_temple_entry_waves,
          serial_park, serial_park_tiny_pond, serial_park_tiny_2
D:6:      minmay_flawed_box, layout_basic, grunt_gozag_breadcrumbs,
          nemelex_lonely_heart_becter, uniq_prince_ribbit1, uniq_grinder
D:7:      layout_loops_corners
D:8:      layout_cave_pools, vehumet_altar_wand_db, erik_lair_orcish_takeover,
          dk_vineyard_2, uniq_maurice
D:9:      layout_rooms
D:10:     hangedman_screamer, layout_loops_ring, serial_shops, shop
D:11:     minmay_spotlight, layout_basic, hiddenorc1_lemuel, basic_altar,
          grunt_pizzeria
Temple:   nicolae_temple_figure_zero

Skill      XL: |  1  2  3  4  5  6  7  8  9 10 11 |
---------------+----------------------------------+-----
Fighting       | 4 5 6 8 9 |  9.7
Shields        | 4 5 6 8 9 11 12 | 12.9
Armour         | 4 5 6 7 8 9 |  9.6
Long Blades    | 3 4 5 6 8 9 11 13 | 13.0
Dodging        | 1 2 3 5 |  5.3
Stealth        | 1 |  1.7
Invocations    | 1 |  1.2

Action                   |  1- 3 |  4- 6 |  7- 9 | 10-12 || total
-------------------------+-------+-------+-------+-------++-------
Melee: Long sword        |    61 |   221 |   402 |   493 ||  1177
       Headbutt          |     9 |    36 |    90 |   140 ||   275
Invok: Heroism           |       |       |     2 |     7 ||     9
  Use: Potion            |     2 |     4 |       |     1 ||     7
       Scroll            |       |       |     8 |     6 ||    14
 Stab: Sleeping          |       |       |       |     2 ||     2
  Eat: Chunk             |       |     6 |    15 |     8 ||    29
       Ration            |       |       |     1 |     1 ||     2
Armor: Scale mail        |    50 |    96 |    30 |       ||   176
       Chain mail        |       |       |    82 |    63 ||   145
       Ring mail         |       |       |    27 |    55 ||    82
Dodge: Dodged            |    30 |    80 |   117 |   122 ||   349
Block: Shield            |    64 |   105 |   317 |   364 ||   850
       Reflection        |       |       |     9 |    17 ||    26
       Rpst.: Long sword |    10 |    12 |    30 |    28 ||    80
